 Dungeon Crawl Stone Soup version 0.27-a0-1565-gad902ab807 (webtiles) character file.

Game seed: 14531319979154733736

8 ezpacito the Skirmisher (level 2, 22/24 HPs)
             Began as a Demonspawn Abyssal Knight on July 16, 2021.
             Was an Initiate of Lugonu.
             Quit the game on level 1 of the Dungeon.
             The game lasted 00:00:53 (545 turns).

ezpacito the Skirmisher (Demonspawn Abyssal Knight)  Turns: 545, Time: 00:00:54

Health: 22/24      AC:  3    Str: 12    XL:     2   Next: 0%
Magic:  3/3        EV: 11    Int: 13    God:    Lugonu [......]
Gold:   0          SH:  0    Dex: 12    Spells: 1/1 levels left

rFire    . . .     SeeInvis .   a - +1 hand axe
rCold    . . .     Faith    .   (no shield)
rNeg     . . .     Spirit   .   b - +0 leather armour
rPois    .         Reflect  .   (helmet restricted)
rElec    .         Harm     .   (no cloak)
rCorr    .         Rampage  .   (no gloves)
Will     .....                  (no boots)
Stlth    +.........             (no amulet)
HPRegen  0.08/turn              (no ring)
MPRegen  0.08/turn              (no ring)

@: no status effects
A: antennae 1
a: Renounce Religion


You were on level 1 of the Dungeon.
You worshipped Lugonu.
Lugonu was noncommittal.
You visited 1 branch of the dungeon, and saw 2 of its levels.
You visited the Abyss 1 time.

Inventory:

Hand Weapons
 a - a +1 hand axe (weapon)
Armour
 b - a +0 leather armour (worn)
Scrolls
 c - a scroll of acquirement {unknown}
Potions
 d - a potion of berserk rage {unknown}


   Skills:
 + Level 3.2 Fighting
 * Level 1.9 Axes
 + Level 2.0 Armour
 + Level 1.0 Dodging
 + Level 2.5 Invocations


You had one spell level left.
You didn't know any spells.
Your spell library was empty.

Dungeon Overview and Level Annotations

Branches:
Dungeon (2/15)

Altars:


Innate Abilities, Weirdness & Mutations

You have a pair of small antennae on your head.


Message History

The quokka is severely wounded.
The quokka misses you. x2
You closely miss the quokka.
The quokka is severely wounded.
The quokka barely misses you.
You closely miss the quokka.
The quokka is severely wounded.
The quokka barely misses you. The quokka misses you.
You hit the quokka but do no damage.
The quokka is severely wounded.
The quokka bites you.
You hit the quokka.
You kill the quokka!
Lugonu accepts your kill.
Your Dodging skill increases to level 1!
You see here a quokka corpse.
There is a stone staircase leading up here.
You climb upwards.
There is a stone staircase leading down here.
HP restored.
A goblin comes into view. It is wielding a +0 club.
The goblin shouts!
A goblin is nearby!
The goblin hits you with a +0 club.
You barely miss the goblin. The goblin closely misses you.
You hit the goblin.
The goblin is heavily wounded.
The goblin hits you but does no damage. The goblin hits you with a +0 club.
Your leather armour prevents you from hitting the goblin.
The goblin is heavily wounded.
The goblin barely misses you.
You slash the goblin!
You kill the goblin!
Lugonu accepts your kill.
Your Armour skill increases to level 2!
You have reached level 2!
Your demonic ancestry asserts itself...
A pair of antennae grows on your head!
No target in view!
Are you sure you want to abandon this character and quit the game? (Confirm with "yes".)

#.#.# #..#.....#..#.
#.#.# #.............
#.#.#
#######.#########.#.
#.... #.........# #
#....
#.........######
#....
+...............
#.........######
...........#
##.......@.#
#.......).#
+.........#
#.........#
..........
.........#.
.........#.
#######.## #


There were no monsters in sight!

Vanquished Creatures
  A bat (D:1)
  A goblin (D:1)
  A hobgoblin (D:1)
  A quokka (D:2)
  2 kobolds
  2 rats
8 creatures vanquished.

Notes
Turn   | Place    | Note
-------+----------+-------------------------------------------
     0 | Abyss:1  | ezpacito the Demonspawn Abyssal Knight began the quest for
                  | the Orb.
     0 | Abyss:1  | Reached XP level 1. HP: 18/18 MP: 2/2
    30 | Abyss:1  | Noticed a large abomination
    62 | Abyss:1  | Noticed a worldbinder
    72 | Abyss:1  | Noticed a blink frog
    72 | Abyss:1  | Noticed a dream sheep
    74 | Abyss:1  | Noticed a raiju
    75 | D:1      | Escaped the Abyss
   456 | D:1      | You fall into a shaft and drop 1 floor!
   482 | D:2      | Reached skill level 1 in Dodging
   545 | D:1      | Gained mutation: You have a pair of small antennae on your
                  | head. [demonic ancestry]
   545 | D:1      | Reached XP level 2. HP: 22/24 MP: 3/3
   545 | D:1      | Quit the game

Illustrated notes

Levels and vault maps discovered:
D:1:      minmay_arrival_semitransparent, layout_basic
D:2:      layout_loops_ring, minmay_misc_feat_encased, minivault_27,
          grunt_ministairs_13, hangedman_decor_slide_cut, nrook_mini_backslash

Skill      XL: |  1 |
---------------+----+-----
Dodging        | 1 |  1.0
Armour         | 2 |  2.0
Fighting       | |  3.2
Axes           | |  1.9
Invocations    | |  2.5

Action                   || total
-------------------------++-------
Melee: Hand axe          ||    31
Invok: Depart the Abyss  ||     1
Armor: Leather armour    ||    17
Dodge: Dodged            ||    20

Table legend: (Time is in decaauts)
 A = Elapsed time spent in this place.
 B = Non-inter-level travel time spent in this place.
 C = Inter-level travel time spent in this place.
 D = Time resting spent in this place.
 E = Time spent auto-exploring this place.
 F = Levels seen in this place.
 G = Mean time per level.
                   A        B        C        D        E       F      G
               +--------+--------+--------+--------+--------+-----+--------+
         Total |    551 |    551 |      0 |      0 |    433 |   3 |  183.7 |
       Dungeon |    476 |    476 |      0 |      0 |    403 |   2 |  238.0 |
         Abyss |     75 |     75 |      0 |      0 |     30 |   1 |   75.0 |
               +--------+--------+--------+--------+--------+-----+--------+

Top non-repeatable levels by time:
     D:1: 445 daAuts
 Abyss:1: 75 daAuts
     D:2: 31 daAuts
